 Dungeon Crawl Stone Soup version 0.20.1-1-g8b1a95d (webtiles) character file.

114 ChromeMolly the Ducker (level 4, 0/31 HPs)
             Began as an Octopode Fighter on Sept 25, 2017.
             Slain by a gnoll
             ... wielding a +0 spear
              (8 damage)
             ... on level 3 of the Dungeon on Sept 26, 2017.
             The game lasted 00:18:20 (2403 turns).

ChromeMolly the Ducker (Octopode Fighter)           Turns: 2403, Time: 00:18:22

Health: 0/31       AC:  1    Str: 15    XL:     4   Next: 98%
Magic:  4/4        EV: 12    Int: 10    God:
Gold:   63         SH:  9    Dex: 12    Spells: 3/3 levels left

rFire    . . .     SeeInvis .   a - +1 war axe
rCold    . . .     Gourm    .   b - +0 shield
rNeg     . . .     Faith    .   (helmet restricted)
rPois    .         Spirit   .   (no amulet)
rElec    .         Reflect  .   (no ring)
rCorr    .         Harm     .   (no ring)
MR       .....                  (no ring)
Stlth    +++.......             (no ring)
Regen    0.1/turn               (no ring)
MPRegen  0.1/turn               (no ring)
                                (no ring)
                                (no ring)

@: no status effects
A: almost no armour, stealthy swim, amphibious, 8 rings, constrict 8, camouflage
1, gelatinous body 1
a: no special abilities


You were on level 3 of the Dungeon.
You were not hungry.

You visited 1 branch of the dungeon, and saw 3 of its levels.

You collected 63 gold pieces.

Inventory:

Hand Weapons
 a - a +1 war axe (weapon)
 n - a +0 dagger
Missiles
 g - 67 stones (quivered)
Armour
 b - a +0 shield (worn)
 e - a +0 buckler
Jewellery
 d - a +3 ring of intelligence {unknown}
Scrolls
 i - 2 scrolls of blinking
Potions
 c - a potion of might
 f - a potion of flight
 h - 4 potions of heal wounds
 m - 2 potions of haste
 o - a potion of degeneration {unknown}
Comestibles
 k - 2 meat rations


   Skills:
 + Level 3.5 Fighting
 + Level 1.3 Short Blades
 + Level 2.2 Axes
 + Level 0.2 Throwing
 + Level 3.7 Dodging
 * Level 2.8 Stealth
 + Level 3.4 Shields


You had 3 spell levels left.
You didn't know any spells.

Dungeon Overview and Level Annotations

Branches:
Dungeon (3/15)

Altars:
Ru

Annotations:
D:3 Glen's ghost, amateur MiGl


Innate Abilities, Weirdness & Mutations

You cannot wear most types of armour.
You are very stealthy in the water. (Stealth+)
You are amphibious.
You can wear up to eight rings at the same time.
You can use your tentacles to constrict eight enemies at once.
Your skin changes colour to match your surroundings (Stealth+).
Your rubbery body absorbs attacks. (AC +1, EV +1)


Message History

A gnoll comes into view. It is wielding a flail.
You see here a stone.
You see here a stone.
The gnoll shouts! x2
You hit the gnoll. Your grab misses the gnoll.
The gnoll is heavily wounded.
You hit the gnoll. The gnoll hits you with a spear!
You block the gnoll's attack. x2
Your shield prevents you from hitting the gnoll.
Your grab misses the gnoll. Your squeeze misses the gnoll.
The gnoll is heavily wounded.
You barely miss the gnoll. The gnoll misses you. The gnoll barely misses you.
You hit the gnoll. You grab the gnoll. You squeeze the gnoll.
The gnoll is almost dead.
You slash the gnoll! You hit the gnoll.
You constrict the gnoll, but do no damage.
You block the gnoll's attack. The gnoll hits you with a flail!
* * * LOW HITPOINT WARNING * * *
The gnoll hits you with a spear!
You die...

# ######.# #.# #..#
...†...# #.# #..#
######## #.# #..# #.#
#..# #.# #..## #.# #...
#.###g######.#
############...g@g.).)..#
.................########
##################


You could see 3 gnolls.

Vanquished Creatures
  4 adders
  An ooze (D:3)
  A worm (D:2)
  2 dart slugs
  A leopard gecko (D:1)
  5 orcs (D:3)
  A ball python (D:3)
  7 bats
  3 giant cockroaches
  5 hobgoblins
  4 jackals (D:1)
  A quokka (D:2)
  10 goblins
  8 kobolds
  6 rats
59 creatures vanquished.

Notes
Turn   | Place    | Note
-------+----------+-------------------------------------------
     0 | D:1      | ChromeMolly the Octopode Fighter began the quest for the Orb.
     0 | D:1      | Reached XP level 1. HP: 16/16 MP: 1/1
   211 | D:1      | Reached XP level 2. HP: 21/21 MP: 2/2
   591 | D:1      | Reached XP level 3. HP: 22/26 MP: 3/3
   941 | D:2      | Reached skill level 1 in Stealth
  1107 | D:2      | Reached skill level 1 in Short Blades
  1132 | D:2      | Found a faded altar of an unknown god.
  1187 | D:2      | Reached XP level 4. HP: 19/31 MP: 4/4
  1530 | D:2      | Found a sacrificial altar of Ru.
  2043 | D:3      | Noticed Glen's ghost (amateur MiGl)
  2403 | D:3      | Slain by a gnoll

Skill      XL: |  1  2  3  4 |
---------------+-------------+-----
Stealth        | 1 2 |  2.8
Short Blades   | 1 |  1.3
Fighting       | |  3.5
Axes           | |  2.2
Throwing       | |  0.2
Dodging        | |  3.7
Shields        | |  3.4

Action                   |  1- 3 |  4- 6 || total
-------------------------+-------+-------++-------
Melee: War axe           |    18 |    28 ||    46
       Constrict         |    18 |    11 ||    29
       Tentacles         |    12 |     9 ||    21
       Dagger            |    53 |    21 ||    74
Throw: Stone             |     6 |     7 ||    13
  Use: Scroll            |     5 |     3 ||     8
 Stab: Sleeping          |     3 |     6 ||     9
       Distracted        |     1 |       ||     1
  Eat: Fruit             |     2 |       ||     2
       Bread ration      |     1 |       ||     1
Armor: Skin              |     3 |     2 ||     5
Dodge: Dodged            |    24 |    20 ||    44
Block: Shield            |    28 |    17 ||    45
